 Dungeon Crawl Stone Soup version 0.23.2-1-ga50397a6bc (webtiles) character file.

Game seed: 11278565651079414639

49 Mrkan the Skirmisher (level 3, -6/24 HPs)
             Began as a Gargoyle Fighter on May 18, 2019.
             Mangled by Crazy Yiuf
             ... wielding a +2 quarterstaff of chaos
              (7 damage)
             ... on level 2 of the Dungeon.
             The game lasted 00:02:51 (1677 turns).

Mrkan the Skirmisher (Gargoyle Fighter)             Turns: 1677, Time: 00:02:52

Health: -6/24      AC:  6    Str: 20    XL:     3   Next: 75%
Magic:  0/3        EV: 17    Int:  8    God:
Gold:   93         SH:  0    Dex:  9    Spells: 2/2 levels left

rFire    + + .     SeeInvis .   (weapon currently unavailable)
rCold    + + .     Gourm    .   (shield currently unavailable)
rNeg     + + +     Faith    .   (armour currently unavailable)
rPois    ∞         Spirit   .   (helmet currently unavailable)
rElec    +         Reflect  .   (cloak currently unavailable)
rCorr    +         Harm     .   (gloves currently unavailable)
MR       .....                  (boots currently unavailable)
Stlth    +.........             (amulet currently unavailable)
HPRegen  0.08/turn              (ring currently unavailable)
MPRegen  0.08/turn              (ring currently unavailable)

@: wisp-form (expiring), flying, quick
A: tiny, negative energy resistance 1, petrification resistance, rot immunity,
AC +3
a: no special abilities


You were on level 2 of the Dungeon.
You were near starving.
You were an insubstantial wisp.
You visited 1 branch of the dungeon, and saw 2 of its levels.

You collected 93 gold pieces.

Inventory:

Hand Weapons
 a - a +0 flail (melded)
Armour
 b - a +0 scale mail (melded)
 c - a +0 shield (melded)
 h - a +0 cloak
Wands
 k - a wand of flame (14)
Scrolls
 e - 2 scrolls of identify {unknown}
 i - a scroll of remove curse {unknown}
 l - a scroll of amnesia {unknown}
Potions
 d - a potion of might
 g - a potion of curing {unknown}
 j - a potion of agility {unknown}
Comestibles
 f - 4 rations


   Skills:
 + Level 3.8 Fighting
 * Level 3.3 Maces & Flails
 - Level 3.4 Armour
 - Level 3.4 Shields


You had 2 spell levels left.
You didn't know any spells.
Your spell library was empty.

Dungeon Overview and Level Annotations

Branches:
Dungeon (2/15)

Altars:
Gozag

Annotations:
D:2 Crazy Yiuf


Innate Abilities, Weirdness & Mutations

You are resistant to torment.
((Your stone body is resilient. (AC +3)))
You are immune to poison.
You resist negative energy. (rN+)
((You are resistant to electric shocks. (rElec)))
((You can survive without breathing.))
You are immune to petrification.
You are immune to rotting.


Message History

Crazy Yiuf is heavily wounded.
You blink.
You see here a mace.
Your transformation is almost over.
Crazy Yiuf misses you.
You barely miss Crazy Yiuf.
Crazy Yiuf is heavily wounded.
Crazy Yiuf hits you with a +2 quarterstaff of chaos.
You touch Crazy Yiuf but do no damage.
Crazy Yiuf is heavily wounded.
You touch Crazy Yiuf but do no damage.
Crazy Yiuf is heavily wounded.
Crazy Yiuf hits you with a +2 quarterstaff of chaos!
* * * LOW HITPOINT WARNING * * *
Crazy Yiuf freezes you.
* * * LOW HITPOINT WARNING * * *
You touch Crazy Yiuf but do no damage.
Crazy Yiuf is heavily wounded.
Crazy Yiuf hits you with a +2 quarterstaff of chaos!
You die...

#..# #.# #.
#..# #.# #.
#..#######.#
#.
#..........##
#.
########....#
## #....#
#####
####.######
#)..#
#.......
#v..#
########
#g..# ##'##
#.## ##.#
#.## ## ##.#
#. ##.##
##########.
##...#
#...>......


You could see Crazy Yiuf.

Vanquished Creatures
  2 dart slugs (D:1)
  3 leopard geckos
  2 giant cockroaches (D:1)
  5 goblins
  9 hobgoblins
  6 kobolds
  5 bats
  2 frilled lizards
  3 rats
37 creatures vanquished.

Notes
Turn   | Place    | Note
-------+----------+-------------------------------------------
     0 | D:1      | Mrkan the Gargoyle Fighter began the quest for the Orb.
     0 | D:1      | Reached XP level 1. HP: 14/14 MP: 1/1
   116 | D:1      | Reached XP level 2. HP: 19/19 MP: 2/2
   437 | D:1      | Reached XP level 3. HP: 22/23 MP: 3/3
   884 | D:2      | Found an opulent altar of Gozag.
  1509 | D:2      | Found a runed translucent door.
  1510 | D:2      | Noticed Crazy Yiuf
  1676 | D:2      | HP: 1/24 [Crazy Yiuf/+2 quarterstaff of chaos (1)]
  1677 | D:2      | Mangled by Crazy Yiuf

Skill      XL: |  1  2  3 |
---------------+----------+-----
Maces & Flails | 3 |  3.3
Fighting       | |  3.8
Armour         | |  3.4
Shields        | |  3.4

Action                   || total
-------------------------++-------
Melee: Flail             ||   171
       Unarmed           ||     7
  Eat: Chunk             ||     1
Armor: Scale mail        ||    99
Dodge: Dodged            ||    55
Block: Shield            ||    94
